 Dungeon Crawl Stone Soup version 0.25-a0-294-gea9b1ad (webtiles) character file.

Game seed: 13690299262089822502, levelgen mode: deterministic

450 MrTaco21 the Skirmisher (level 7, -2/47 HPs)
             Began as a Gargoyle Fighter on Dec 16, 2019.
             Was an Initiate of Gozag.
             Slain by a mummy (11 damage)
             ... in an ossuary.
             The game lasted 00:07:54 (3812 turns).

MrTaco21 the Skirmisher (Gargoyle Fighter)          Turns: 3812, Time: 00:07:55

Health: -2/47      AC: 18    Str: 22    XL:     7   Next: 4%
Magic:  7/7        EV:  7    Int:  8    God:    Gozag
Gold:   622        SH:  9    Dex:  9    Spells: 6/6 levels left

rFire    + . .     SeeInvis .   g - +1 mace (protect)
rCold    . . .     Gourm    .   c - +0 shield
rNeg     + . .     Faith    .   b - +0 scale mail
rPois    ∞         Spirit   .   (no helmet)
rElec    +         Reflect  .   (no cloak)
rCorr    .         Harm     .   (no gloves)
MR       .....                  (no boots)
Stlth    ..........             (no amulet)
HPRegen  0.15/turn              i - ring of protection from fire
MPRegen  0.10/turn              (no ring)

@: gold aura, protection aura
A: negative energy resistance 1, electricity resistance, unbreathing,
petrification resistance, rot immunity, AC +4
a: Potion Petition, Call Merchant, Bribe Branch, Renounce Religion


You were in an ossuary.
You worshipped Gozag.
Gozag was pleased with you.
You were not hungry.

You visited 1 branch of the dungeon, and saw 4 of its levels.
You also visited: Ossuary.

You collected 630 gold pieces.
You paid 8 gold pieces to Gozag.

Inventory:

Hand Weapons
 a - a +0 flail
 g - a +1 mace of protection (weapon)
   (You found it on level 3 of the Dungeon)
Armour
 b - a +0 scale mail (worn)
 c - a +0 shield (worn)
Jewellery
 i - a ring of protection from fire (left hand)
   (You found it on level 1 of the Dungeon)
Scrolls
 k - a scroll of teleportation {@r4}
 m - a scroll of identify {@r1}
 n - 2 scrolls of fog {unknown}
 o - 2 scrolls of remove curse {@r2}
 q - 4 scrolls of enchant weapon
 t - a scroll of noise {unknown}
Potions
 d - a potion of might
 f - 3 potions of curing {unknown}
 h - 2 potions of haste {unknown}
 j - 2 potions of mutation {unknown}
 l - a potion of brilliance {unknown}
 p - 2 potions of degeneration {unknown}
 r - a potion of flight {unknown}
 s - a potion of heal wounds {unknown}
 u - a potion of invisibility
 v - a potion of agility {unknown}
Comestibles
 e - 8 rations {!d}


   Skills:
 + Level 6.4 Fighting
 + Level 5.3 Maces & Flails
 - Level 3.2 Armour
 - Level 3.2 Shields


You had 6 spell levels left.
You didn't know any spells.
Your spell library was empty.

Dungeon Overview and Level Annotations

Branches:
Dungeon (4/15)            Ossuary (1/1)
 Temple: D:4-7

Altars:
Dithmenos
Gozag
Vehumet


Innate Abilities, Weirdness & Mutations

You are resistant to torment.
Your stone body is resilient. (AC +4)
You are immune to poison.
You resist negative energy. (rN+)
You are resistant to electric shocks. (rElec)
You can survive without breathing.
You are immune to petrification.
You are immune to rotting.


Message History

Your Maces & Flails skill increases to level 5!
A mummy comes into view.
The mummy barely misses you.
You sock the mummy! The mummy barely misses you. x2
You hit the mummy.
An arrow misses the mummy!
A mummy comes into view.
You completely miss the mummy. The mummy hits you!
* * * LOW HITPOINT WARNING * * *
You block the mummy's attack.
You hit the mummy. The mummy hits you.
* * * LOW HITPOINT WARNING * * *
You hit the mummy.
An arrow hits the gnoll zombie!
A gnoll zombie comes into view.
The mummy hits you but does no damage.
You sock the mummy!
You destroy the mummy!
You have reached level 7!
Okay, then.
You hit the mummy.
An arrow misses the gnoll zombie!
The mummy hits you.
* * * LOW HITPOINT WARNING * * *
The mummy barely misses you.
You thump the mummy! You block the mummy's attack.
The mummy hits you but does no damage.
You thump the mummy!
An arrow hits the gnoll zombie!
You thump the mummy!
You destroy the mummy!
The gnoll zombie becomes distracted by the nearby gold, dreaming of imaginary riches.
The mummy hits you.
* * * LOW HITPOINT WARNING * * *
You sock the mummy! The mummy barely misses you.
You hit the mummy.
The gnoll zombie is no longer distracted by gold.
An arrow misses the goblin zombie!
A goblin zombie comes into view.
You hit the mummy but do no damage. The mummy hits you but does no damage.
You hit the gnoll zombie. You block the gnoll zombie's attack.
You block the mummy's attack.
An arrow misses the goblin zombie!
You hit the gnoll zombie but do no damage.
The gnoll zombie barely misses you.
You barely miss the gnoll zombie. You block the mummy's attack.
You block the gnoll zombie's attack.
Your shield and scale mail prevent you from hitting the gnoll zombie.
You hear a soft click.
The gnoll zombie hits you but does no damage.
The mummy closely misses you.
You sock the gnoll zombie!
You destroy the gnoll zombie!
You hit the mummy. The mummy hits you!
You die...
Your body crumbles into a pile of gold.

##..##..##^...##..##
##..##..##..##^.##..#
##..##..##..####..##..
##..##..##..## ##..##.
##..##^.##^.## ##..##
##..##..##..## ##..#
##..##..##^^## ##.^
##..##..##$.## ##. ##..##..##$@##
## ##..##..##.M## # ##..##..##..Z
##..##..#######################
##.^##....^..................^..
##..#############################
#..^.............................
#################################


You could see a mummy and a goblin zombie.

Vanquished Creatures
  Menkaure (Ossuary)
  A bullfrog skeleton (D:4)
  An orc priest (D:3)
  2 orc wizards (D:3)
  A worker ant (D:4)
  2 mummies (Ossuary)
  2 adders
  2 oozes
  4 worms
  A dart slug (D:1)
  4 leopard geckos
  9 orcs
  A ball python (D:1)
  8 giant cockroaches
  A gnoll zombie (Ossuary)
  4 goblins
  10 hobgoblins
  8 jackals
  5 kobolds
  2 quokkas (D:2)
  2 bats (D:2)
  5 frilled lizards
  5 gnoll skeletons (Ossuary)
  3 goblin skeletons (Ossuary)
  A goblin zombie (Ossuary)
  2 hobgoblin skeletons (Ossuary)
  6 hobgoblin zombies (Ossuary)
  3 kobold skeletons (Ossuary)
  2 kobold zombies (Ossuary)
  7 orc skeletons (Ossuary)
  5 orc zombies (Ossuary)
  4 rats
  2 rat skeletons (Ossuary)
  4 rat zombies (Ossuary)
120 creatures vanquished.

Vanquished Creatures (others)
  A goblin zombie (Ossuary)
  A rat skeleton (Ossuary)
2 creatures vanquished.

Grand Total: 122 creatures vanquished

Notes
Turn   | Place    | Note
-------+----------+-------------------------------------------
     0 | D:1      | MrTaco21 the Gargoyle Fighter began the quest for the Orb.
     0 | D:1      | Reached XP level 1. HP: 14/14 MP: 1/1
    61 | D:1      | Reached XP level 2. HP: 19/19 MP: 2/2
   353 | D:1      | Reached XP level 3. HP: 24/24 MP: 3/3
   361 | D:1      | Reached skill level 4 in Fighting
  1283 | D:2      | Found an opulent altar of Gozag.
  1283 | D:2      | Found a radiant altar of Vehumet.
  1284 | D:2      | Found a shadowy altar of Dithmenos.
  1718 | D:2      | Reached XP level 4. HP: 30/30 MP: 4/4
  2149 | D:2      | Became a worshipper of Gozag Ym Sagoz the Greedy
  2502 | D:3      | Reached skill level 5 in Fighting
  2502 | D:3      | Reached XP level 5. HP: 21/35 MP: 5/5
  3357 | D:4      | Reached XP level 6. HP: 41/41 MP: 6/6
  3414 | D:4      | Found a sand-covered staircase.
  3422 | Ossuary  | Entered an ossuary
  3786 | Ossuary  | Noticed Menkaure
  3793 | Ossuary  | Killed Menkaure
  3793 | Ossuary  | Reached skill level 6 in Fighting
  3793 | Ossuary  | Reached skill level 5 in Maces & Flails
  3799 | Ossuary  | Reached XP level 7. HP: 13/47 MP: 7/7
  3812 | Ossuary  | Slain by a mummy

Levels and vault maps discovered:
D:1:      giann_bridges, layout_loops_corners
D:2:      layout_basic, gammafunk_temple_overflow_claw
D:3:      minmay_door_path, layout_rooms
D:4:      layout_basic, enter_ossuary_4, nicolae_elemental_shop
Ossuary:  ossuary_due_pyramid

Skill      XL: |  1  2  3  4  5  6 |
---------------+-------------------+-----
Fighting       | 4 5 6 |  6.4
Maces & Flails | 3 4 5 |  5.3
Armour         | |  3.2
Shields        | |  3.2

Action                   |  1- 3 |  4- 6 |  7- 9 || total
-------------------------+-------+-------+-------++-------
Melee: Flail             |   145 |   137 |       ||   282
       Mace              |       |   127 |    13 ||   140
  Use: Scroll            |       |     4 |       ||     4
 Stab: Distracted        |       |     2 |       ||     2
  Eat: Chunk             |     3 |     1 |       ||     4
       Ration            |       |     2 |       ||     2
Armor: Scale mail        |    83 |   138 |     3 ||   224
Dodge: Dodged            |    51 |    72 |     4 ||   127
Block: Shield            |    92 |   109 |     5 ||   206

Table legend:
 A = Non-vault XP
 B = Vault XP
 C = Vault XP percentage of total XP
 D = Non-vault monster count
 E = Vault monster count
 F = Vault count percentage of total count
                 A         B        C        D         E       F
            +---------+---------+-------+---------+---------+-------
      Total |     385 |     259 |  40.2 |      73 |      45 |  38.1
            +---------+---------+-------+---------+---------+-------
        D:1 |      47 |       0 |   0.0 |      22 |       0 |   0.0
        D:2 |      68 |       0 |   0.0 |      26 |       0 |   0.0
        D:3 |     188 |       9 |   4.6 |      23 |       3 |  11.5
        D:4 |      82 |       0 |   0.0 |       2 |       0 |   0.0
    Ossuary |       0 |     250 | 100.0 |       0 |      42 | 100.0
            +---------+---------+-------+---------+---------+-------
